 Dungeon Crawl Stone Soup version 0.19-a0-892-g8a19e52 (webtiles) character file.

39 Gagarin the Conjurer (level 3, 0/19 HPs)
             Began as a Kobold Conjurer on July 4, 2016.
             Slain by a jackal (2 damage)
             ... on level 3 of the Dungeon.
             The game lasted 00:04:42 (1267 turns).

Gagarin the Conjurer (Kobold Conjurer)              Turns: 1267, Time: 00:04:42

Health: 0/19       AC:  3    Str: 11    XL:     3   Next: 70%
Magic:  3/6        EV: 16    Int: 14    God:
Gold:   87         SH:  0    Dex: 16    Spells: 2 memorised, 3 levels left

rFire  . . .     SeeInvis .     e - +0 short sword
rCold  . . .     Gourm    .     a - +0 robe
rNeg   . . .     Faith    .     (shield restricted)
rPois  .         Spirit   .     (no helmet)
rElec  .         Dismiss  .     (no cloak)
rCorr  .         Reflect  .     (no gloves)
SustAt .         Harm     .     m - +0 pair of boots
MR     .....                    (no amulet)
Stlth  +++.......               (no ring)
                                (no ring)

@: mighty, not resistant to hostile enchantments, fairly stealthy
A: carnivore 3
a: no special abilities


You were on level 3 of the Dungeon.
You were completely stuffed.

You visited 1 branch of the dungeon, and saw 3 of its levels.

You collected 87 gold pieces.

Inventory:

Hand Weapons
 e - a +0 short sword (weapon)
Missiles
 h - 3 exploding tomahawks (quivered)
Armour
 a - a +0 robe (worn)
 m - a +0 pair of boots (worn)
Scrolls
 d - a scroll of enchant armour {unknown}
 f - 2 scrolls of identify {unknown}
 g - a scroll of magic mapping {unknown}
 j - 2 scrolls of blinking {unknown}
 k - 2 scrolls of amnesia {unknown}
Potions
 i - a potion of might
 l - a potion of agility {unknown}
Books
 b - a book of Conjurations

   Spells                             Type                      Level
   a - Magic Dart                     Conjuration                  1
   b - Searing Ray                    Conjuration                  2
   c - Dazzling Spray                 Conjuration/Hexes            3
   d - Fulminant Prism                Conjuration/Hexes            4
   e - Iskenderun's Mystic Blast      Conjuration                  4
   f - Iskenderun's Battlesphere      Conjuration/Charms           5
Comestibles
 c - a meat ration


   Skills:
 + Level 2.9 Dodging
 + Level 3.0 Stealth
 + Level 2.1 Spellcasting
 + Level 4.2 Conjurations


You had 3 spell levels left.
You knew the following spells:

 Your Spells              Type           Power        Failure   Level  Hunger
a - Magic Dart            Conj           ##..         4%          1    #......
b - Searing Ray           Conj           ##....       10%         2    ###....


Dungeon Overview and Level Annotations

Branches:
Dungeon (3/15)

Altars:

Annotations:
D:2 Sigmund


Innate Abilities, Weirdness & Mutations

You are small and have problems with some larger weapons.
You are carnivorous and can eat meat at any time.


Message History

The jackal bites you but does no damage.
The jackal moves out of view.
The jackal closely misses you. The hobgoblin misses you.
You see here a war axe.
The jackal barely misses you. The jackal bites you. The hobgoblin misses you.
The jackal closely misses you.
The hobgoblin shouts!
The hobgoblin hits you.
* * * LOW HITPOINT WARNING * * *
The jackal misses you. The jackal barely misses you.
A jackal comes into view.
The jackal misses you.
It was a potion of might.
You feel very mighty all of a sudden.
The jackal bites you but does no damage.
The jackal barely misses you. The jackal misses you.
The jackal completely misses you. The jackal bites you.
* * * LOW HITPOINT WARNING * * *
The jackal bites you.
You die...

##......)......#
...............# ..
#...l..........#l..
.......$>?.....#...
.........<.........
.....g............
..........#......
.........#...####
.......!.l..gh@.#
...###.......hhh#
###..........hSg#
#..###.........######
...
...........).....# ..
###....#.........# #
####...##†).......#
........†h........#
........###########


You could see an adder, 6 jackals, 2 hobgoblins and a giant newt (wandering).

Vanquished Creatures
  An adder (D:2)
  2 giant geckos
  2 giant cockroaches (D:1)
  3 goblins (D:3)
  4 hobgoblins
  A jackal (D:3)
  3 bats
  5 kobolds
  9 rats (D:1)
30 creatures vanquished.

Notes
Turn   | Place    | Note
-------+----------+-------------------------------------------
     0 | D:1      | Gagarin the Kobold Conjurer began the quest for the Orb.
     0 | D:1      | Reached XP level 1. HP: 10/10 MP: 3/3
   334 | D:1      | Reached XP level 2. HP: 15/15 MP: 1/5
   343 | D:1      | Learned a level 2 spell: Searing Ray
   353 | D:1      | Reached skill level 4 in Conjurations
   841 | D:2      | Reached XP level 3. HP: 18/19 MP: 3/6
  1201 | D:2      | Noticed Sigmund
  1267 | D:3      | Slain by a jackal

Vault maps used:
D:1:      dpeg_chamrin_arrival_tetris, minmay_rat_gold_closets
D:2:      wad_crossroads, minmay_randomly_rotated_circles, uniq_sigmund,
          uniq_robin
D:3:      gammafunk_temple_overflow_wave

Skill      XL: |  1  2  3 |
---------------+----------+-----
Conjurations   | 4 |  4.2
Stealth        | 3 |  3.0
Dodging        | |  2.9
Spellcasting   | |  2.1

Action                   || total
-------------------------++-------
Melee: Unarmed           ||    14
       Short sword       ||    38
Throw: Tomahawk          ||     2
 Cast: Magic Dart        ||    32
       Searing Ray       ||     2
  Use: Potion            ||     1
 Stab: Sleeping          ||     4
  Eat: Chunk             ||    10
Armor: Robe              ||    23
Dodge: Dodged            ||    77
